 Dungeon Crawl Stone Soup version 0.23.2-33-g5129a83184 (webtiles) character file.

Game seed: 17440598184966409727

245234 Exodus22XD the Warrior (level 18, -3/265 (267) HPs)
             Began as a Minotaur Berserker on July 1, 2019.
             Was a High Priest of Trog.
             Slain by the Royal Jelly (6 damage)
             ... on level 5 of the Pits of Slime.
             The game lasted 02:32:42 (35674 turns).

Exodus22XD the Warrior (Minotaur Berserker)        Turns: 35674, Time: 02:32:43

HP:   -3/265 (267)  AC: 26    Str: 36    XL:     18   Next: 76%
MP:   5/17          EV: 18    Int: 14    God:    Trog [*****.]
Gold: 1899          SH: 16    Dex: 11    Spells: 17/17 levels left

rFire    + . .     SeeInvis .   i - +11 trident of the Exiled Shrikes {flame, Int+6}
rCold    + + .     Gourm    .   u - +0 shield
rNeg     . . .     Faith    .   P - +4 ice dragon scales
rPois    +         Spirit   .   (helmet restricted)
rElec    +         Reflect  .   o - +2 cloak {rPois}
rCorr    +         Harm     +   j - +2 pair of gloves
MR       +....                  E - +0 pair of boots
Stlth    ..........             l - amulet of harm
HPRegen  0.54/turn              Y - ring "Kaelir" {*Drain +Blink rPois rF++ Dex+2}
MPRegen  0.15/turn              V - ring "Zofraik" {rCorr rElec Str+6 Int+4}

@: berserking, very quick
A: retaliatory headbutt, horns 2, yellow scales 1, blurry vision 3, clumsy 2,
deformed body, deterioration 2, weak 1, no potion heal 2, subdued magic 2
}: 2/15 runes: decaying, gossamer
a: Berserk, Trog's Hand, Brothers in Arms, Renounce Religion, Evoke Blink


You were on level 5 of the Pits of Slime.
You worshipped Trog.
Trog was extremely pleased with you.
You were not hungry.

You visited 5 branches of the dungeon, and saw 34 of its levels.

You collected 2203 gold pieces.
You spent 304 gold pieces at shops.

Inventory:

Hand Weapons
 a - a +1 lajatang of freezing
 i - the +11 trident of the Exiled Shrikes (weapon) {flame, Int+6}
   (You found it on level 4 of the Dungeon)

   It has been specially enchanted to burn those struck by it, causing extra
   injury to most foes and up to half again as much damage against particularly
   susceptible opponents.
   It affects your intelligence (+6).
 R - a +9 antimagic broad axe
 T - a +2 antimagic demon trident
Armour
 d - a +1 buckler of positive energy
 j - a +2 pair of gloves (worn)
 n - a +0 plate armour
 o - a +2 cloak of poison resistance (worn)
 u - a +0 shield (worn)
 E - a +0 pair of boots (worn)
 O - +0 shadow dragon scales
 P - +4 ice dragon scales (worn)
 W - +0 acid dragon scales
Jewellery
 l - an amulet of harm (around neck)
 m - an uncursed ring of protection from magic
 v - an uncursed ring of protection from fire
 J - a +3 ring of dexterity
 V - the ring "Zofraik" (right hand) {rCorr rElec Str+6 Int+4}
   (You found it on level 6 of the Lair of Beasts)

   [ring of resist corrosion]

   It affects your strength (+6).
   It affects your intelligence (+4).
   It insulates you from electricity.
 Y - the ring "Kaelir" (left hand) {*Drain +Blink rPois rF++ Dex+2}
   (You found it on level 5 of the Lair of Beasts)

   [ring of poison resistance]

   It affects your dexterity (+2).
   It greatly protects you from fire.
   It protects you from poison.
   It lets you blink.
   It causes draining when unequipped.
Scrolls
 b - 8 scrolls of remove curse
 e - a scroll of identify
 g - 4 scrolls of fear
 h - 3 scrolls of blinking
 s - 4 scrolls of magic mapping
 w - 4 scrolls of fog
 y - a scroll of enchant weapon
 z - 15 scrolls of teleportation
 B - a scroll of brand weapon
 F - 3 scrolls of holy word
 I - 8 scrolls of immolation
 N - 2 scrolls of silence
 Q - 2 scrolls of random uselessness
 S - 4 scrolls of enchant armour
Potions
 f - 3 potions of brilliance
 k - 8 potions of flight
 p - 3 potions of heal wounds
 q - 4 potions of berserk rage
 r - 3 potions of mutation
 t - 11 potions of curing
 x - 6 potions of lignification
 A - 6 potions of haste
 C - a potion of might
 D - a potion of cancellation
 G - a potion of resistance
 H - 7 potions of ambrosia
 L - a potion of invisibility
 Z - 4 potions of magic
Comestibles
 c - 34 rations


   Skills:
 * Level 20.2 Fighting
 - Level 9.9(14.3) Axes
 + Level 16.5(17.4) Polearms
 * Level 15.8 Armour
 * Level 14.8 Dodging
 - Level 1.1 Stealth
 * Level 18.2 Shields


You had 17 spell levels left.
You didn't know any spells.
Your spell library was empty.

Dungeon Overview and Level Annotations

Branches:
Dungeon (15/15)            Temple (0/1) D:7            Lair (6/6) D:9
  Swamp (4/4) Lair:3       Spider (4/4) Lair:3        Slime (5/5) Lair:5
    Orc (0/2) D:11         Vaults (0/5) D:13         Depths (0/5) D:15

Altars:
Sif Muna
Yredelemnul
Beogh
Jiyva

Shops:
D:4 (}   D:12 ?

Annotations:
D:3 2 runed translucent doors, Sassnad's ghost, amateur FoFi
Lair:4 exclusion: ice statue
Spider:2 3 runed translucent doors, Ivernyr's ghost, adept VSFi
Slime:5 Royal Jelly


Innate Abilities, Weirdness & Mutations

You reflexively headbutt those who attack you in melee.
You have a pair of horns on your head.
You are partially covered in yellow scales. (AC +2)
Scrolls take you much longer to read.
You are very clumsy. (Dex -4)
Armour fits poorly on your strangely shaped body.
Your body often deteriorates upon taking damage.
You are weak. (Str -2)
Potions are poor at restoring your health.
Your spells are easier to cast, but less powerful.


Message History

The Royal Jelly is severely wounded.
Your two-headed ogre completely misses the Royal Jelly.
Your two-headed ogre barely misses the Royal Jelly.
The death ooze hits your two-headed ogre! x2
The azure jelly hits you but does no damage.
The azure jelly misses you. You block the azure jelly's attack. x2
The azure jelly misses you.
The azure jelly hits you but does no damage.
The azure jelly closely misses you. You block the azure jelly's attack.
A death ooze comes into view.
You hit the Royal Jelly but do no damage.
Your hands burn!
* * * LOW HITPOINT WARNING * * *
The Royal Jelly is severely wounded.
The Royal Jelly hits you!!
* * * LOW HITPOINT WARNING * * *
You are splashed with acid.
You resist.
* * * LOW HITPOINT WARNING * * *
The Royal Jelly hits you.
You die...

.........................
.........................
.........................
.........................
.....JJJJ................
....#JJ###.#............
.## ##J#####............
#OJ# ##........... ##
##@# ###.........
##$:$##JJ##/)=##.........
#$}"))#J##!=)[:###.......
#!$})##..##?)$?##........
##$[#:##.#}#$(####.......
######..###### #.......
..#........#.. #.......
.#...#.._.#...#. .......
....... ######..######
......


You could see the Royal Jelly, an acid blob, 3 azure jellies, 5 death oozes and
a friendly two-headed ogre (berserk).

Vanquished Creatures
  20 acid blobs
  2 thorn hunters
  Agnes (D:15)
  Kirke (Swamp:3)
  10 azure jellies
  5 ghost moths
  2 emperor scorpions (Spider:4)
  Aizul (Swamp:3)
  A very ugly thing (Swamp:2)
  4 entropy weavers
  4 spark wasps
  The ghost of Kobolds4U the Spry, a journeyman SpAs of Okawaru (Lair:6)
  3 death oozes (Slime:5)
  Josephine (Lair:6)
  A fire dragon (Lair:6)
  8 vault guards
  6 great orbs of eyes
  An ice dragon (Lair:4)
  3 ghost crabs
  26 hydras
  3 shambling mangroves
  A centaur warrior (D:15)
  4 two-headed ogres
  9 alligators
  2 fire crabs
  An unseen horror (D:12)
  9 swamp dragons
  A spriggan druid (Swamp:4)
  A glowing orange brain (Slime:4)
  Pikel (D:6)
  A lindwurm (Lair:5)
  12 orb spiders
  2 cyclopes (D:13)
  17 wolf spiders
  14 shining eyes
  9 ugly things
  2 moths of wrath
  5 elephants (Lair:6)
  A manticore (D:15)
  5 eyes of devastation
  7 black mambas
  Maurice (D:13)
  2 centaur zombies
  3 molten gargoyles (Lair:6)
  16 spiny frogs
  A gargoyle (D:10)
  A torpor snail (Spider:2)
  10 demonic crawlers
  2 rime drakes
  A troll (shapeshifter) (D:13)
  10 komodo dragons
  A queen bee (Spider:1)
  7 tyrant leeches
  3 polar bears
  84 slime creatures
  28 jumping spiders
  15 hornets
  3 trolls
  A blink frog (shapeshifter) (D:15)
  Prince Ribbit (D:5)
  6 meliai
  9 blink frogs
  7 bog bodies
  12 hippogriffs
  3 spriggans
  Sigmund (D:3)
  4 wyverns
  2 vampires
  76 redbacks
  2 hogs (Swamp:3)
  31 tarantellas
  4 shadows
  3 golden eyes (Slime:2)
  37 yaks
  A steam dragon (Lair:6)
  7 wraiths
  9 basilisks
  A hungry ghost (D:9)
  17 vampire mosquitoes
  7 insubstantial wisps
  18 water moccasins
  23 swamp worms
  Duvessa (D:6)
  3 acid dragons (D:14)
  7 porcupines
  3 floating eyes
  5 hell hounds (Lair:6)
  14 swamp drakes
  10 orc warriors
  11 ice beasts
  4 sky beasts
  4 black bears
  A phantom (D:6)
  7 eyes of draining
  8 ogres
  9 centaurs
  6 wolves (Lair:2)
  11 crocodiles
  A big kobold (D:11)
  18 bullfrogs
  A water moccasin zombie (D:8)
  Dowan (D:6)
  7 scorpions
  3 wights (D:12)
  21 killer bees
  3 howler monkeys
  4 electric eels
  4 crimson imps
  7 lava snakes
  A bullfrog zombie (D:13)
  6 hounds
  7 orc priests
  A centaur skeleton (D:4)
  2 jellies
  Crazy Yiuf (D:2)
  3 iguanas
  Natasha (thrice) (D:3)
  16 orc wizards
  12 worker ants
  A howler monkey zombie (D:6)
  2 worker ant zombies
  4 gnolls (D:9)
  11 adders
  2 shadow imps
  A white imp (Lair:4)
  An adder zombie (D:8)
  3 worms
  A leopard gecko (D:6)
  57 orcs
  6 bats
  3 giant cockroaches
  5 goblins
  5 hobgoblins
  9 jackals
  8 quokkas
  A ball python (D:3)
  5 frilled lizards
  7 kobolds
  2 leopard gecko skeletons (D:4)
  2 leopard gecko zombies
  7 rats
  A briar patch (Swamp:3)
  A plant (Lair:3)
1049 creatures vanquished.

Vanquished Creatures (collateral kills)
  Nikola (Swamp:2)
  Arachne (Spider:2)
  2 azure jellies (Slime:5)
  An emperor scorpion (Spider:2)
  An entropy weaver (Spider:2)
  3 death oozes (Slime:5)
  2 wolf spiders
  2 orb spiders (Spider:4)
  A demonic crawler (Spider:1)
  A jumping spider (Spider:4)
  A polar bear (Lair:4)
  2 tarantellas (Spider:2)
  7 redbacks
  4 killer bees (Spider:1)
  A white imp (Lair:4)
30 creatures vanquished.

Vanquished Creatures (others)
  A fire giant (D:15)
  A jumping spider (Spider:4)
  2 fungi (Lair:4)
  11 plants
15 creatures vanquished.

Grand Total: 1094 creatures vanquished

Notes
Turn   | Place    | Note
-------+----------+-------------------------------------------
     0 | D:1      | Exodus22XD the Minotaur Berserker began the quest for the
                  | Orb.
     0 | D:1      | Reached XP level 1. HP: 19/19 MP: 0/0
   201 | D:1      | Reached skill level 4 in Fighting
   203 | D:1      | Reached XP level 2. HP: 12/27 MP: 1/1
   799 | D:2      | Reached XP level 3. HP: 24/33 MP: 2/2
   924 | D:2      | Reached skill level 1 in Shields
  1060 | D:2      | Found a runed translucent door.
  1061 | D:2      | Noticed Crazy Yiuf
  1205 | D:2      | Killed Crazy Yiuf
  1205 | D:2      | Reached XP level 4. HP: 41/41 MP: 3/3
  1418 | D:3      | Reached ** piety under Trog
  1602 | D:3      | Noticed Natasha
  1616 | D:3      | Killed Natasha
  1616 | D:3      | Reached XP level 5. HP: 45/47 MP: 4/4
  1773 | D:3      | Reached skill level 5 in Axes
  1829 | D:3      | Found a large runed translucent door.
  1829 | D:3      | Found a large runed translucent door.
  1831 | D:3      | Noticed Sassnad's ghost (amateur FoFi)
  1872 | D:3      | Noticed Natasha
  1880 | D:3      | Killed Natasha
  1954 | D:3      | Noticed Sigmund
  1963 | D:3      | Killed Sigmund
  1963 | D:3      | Reached skill level 5 in Fighting
  1963 | D:3      | Reached XP level 6. HP: 56/56 MP: 5/5
  2214 | D:3      | Noticed Natasha
  2221 | D:3      | Killed Natasha
  2297 | D:4      | Found Mohomicw's Weapon Shop.
  2409 | D:4      | Reached XP level 7. HP: 34/61 MP: 6/6
  2625 | D:4      | Found Pinilag's Gadget Shoppe.
  3142 | D:4      | Got a steaming trident
  3143 | D:4      | Identified the +11 trident of the Exiled Shrikes {flame,
                  | Int+6} (You found it on level 4 of the Dungeon)
  3535 | D:5      | Entered Level 5 of the Dungeon
  3618 | D:5      | Found a deep blue altar of Sif Muna.
  3639 | D:5      | Reached skill level 5 in Armour
  3650 | D:5      | Reached *** piety under Trog
  3745 | D:5      | Reached skill level 1 in Polearms
  3796 | D:5      | Noticed Prince Ribbit
  3802 | D:5      | Killed Prince Ribbit
  3802 | D:5      | Reached skill level 6 in Fighting
  3802 | D:5      | Reached XP level 8. HP: 70/70 MP: 7/7
  4758 | D:6      | Noticed Pikel
  4762 | D:6      | Killed Pikel
  4762 | D:6      | Reached skill level 7 in Fighting
  4799 | D:6      | Noticed Duvessa
  4799 | D:6      | Noticed Dowan
  4804 | D:6      | Killed Duvessa
  4804 | D:6      | Reached skill level 5 in Shields
  4804 | D:6      | Reached XP level 9. HP: 79/79 MP: 8/8
  4807 | D:6      | Killed Dowan
  5166 | D:6      | Reached skill level 5 in Dodging
  5448 | D:7      | Found a staircase to the Ecumenical Temple.
  5573 | D:7      | Found a basalt altar of Yredelemnul.
  5734 | D:8      | Reached **** piety under Trog
  5784 | D:8      | Reached skill level 8 in Fighting
  5987 | D:8      | Noticed a two-headed ogre
  5995 | D:8      | Killed a two-headed ogre
  5995 | D:8      | Reached skill level 9 in Fighting
  6314 | D:8      | Reached XP level 10. HP: 91/91 MP: 9/9
  6711 | D:9      | Paralysed by a hornet for 3 turns
  6951 | D:9      | Reached skill level 10 in Fighting
  7008 | D:9      | You fall through a shaft!
  7008 | D:10     | Entered Level 10 of the Dungeon
  7324 | D:10     | Noticed a two-headed ogre
  7331 | D:10     | Killed a two-headed ogre
  7438 | D:10     | Reached ***** piety under Trog
  7783 | D:10     | Noticed a gargoyle
  7790 | D:10     | Killed a gargoyle
  7974 | D:10     | Reached XP level 11. HP: 101/101 MP: 10/10
  8076 | D:11     | Found a staircase to the Orcish Mines.
  8113 | D:11     | Noticed a two-headed ogre
  8116 | D:11     | Killed a two-headed ogre
  8116 | D:11     | Reached skill level 11 in Fighting
  8286 | D:11     | Reached skill level 5 in Polearms
  8899 | D:12     | Noticed a six-headed hydra
  8908 | D:12     | Killed a six-headed hydra
  8908 | D:12     | Reached skill level 10 in Armour
  9092 | D:12     | Killed an unseen horror
  9393 | D:12     | Found Xoramiwk's Magic Scroll Shoppe.
  9398 | D:12     | Bought a scroll of fear for 45 gold pieces
  9398 | D:12     | Bought a scroll of teleportation for 39 gold pieces
  9398 | D:12     | Bought a scroll of identify for 26 gold pieces
  9398 | D:12     | Bought a scroll of enchant weapon for 97 gold pieces
  9398 | D:12     | Bought a scroll of enchant armour for 97 gold pieces
  9622 | D:13     | Noticed a vault guard
  9667 | D:13     | Noticed a vault guard
  9668 | D:13     | Noticed a vault guard
  9668 | D:13     | Noticed a vault guard
  9668 | D:13     | Noticed a vault guard
  9670 | D:13     | Noticed a vault guard
  9674 | D:13     | Killed a vault guard
  9677 | D:13     | Killed a vault guard
  9682 | D:13     | Killed a vault guard
  9685 | D:13     | Killed a vault guard
  9685 | D:13     | Reached XP level 12. HP: 112/112 MP: 11/11
  9692 | D:13     | Noticed a vault guard
  9697 | D:12     | Killed a vault guard
  9701 | D:12     | Killed a vault guard
  9701 | D:12     | Reached skill level 12 in Fighting
  9749 | D:13     | Killed a vault guard
  9928 | D:13     | Found a gate to the Vaults.
  9964 | D:13     | Received a gift from Trog
 10044 | D:13     | Noticed a vault guard
 10053 | D:13     | Killed a vault guard
 10136 | D:13     | Noticed a two-headed ogre
 10145 | D:13     | Killed a two-headed ogre
 10518 | D:13     | Reached skill level 10 in Polearms
 10533 | D:13     | Received a gift from Trog
 10602 | D:13     | Noticed Maurice
 10614 | D:13     | Killed Maurice
 11257 | D:15     | Entered Level 15 of the Dungeon
 11304 | D:15     | Reached skill level 10 in Shields
 11310 | D:15     | Noticed a seven-headed hydra
 11317 | D:15     | Killed a seven-headed hydra
 11419 | D:15     | Reached skill level 13 in Fighting
 11445 | D:15     | Noticed Agnes
 11453 | D:15     | Killed Agnes
 11453 | D:15     | Reached XP level 13. HP: 71/122 MP: 12/12
 11966 | D:15     | Found a staircase to the Depths.
 11966 | D:15     | Noticed a fire giant
 12048 | D:15     | Reached skill level 10 in Dodging
 12395 | D:15     | HP: 7/183 [fire giant/fireball (57)]
 12395 | D:15     | Killed a fire giant
 13263 | D:9      | Found a staircase to the Lair.
 13699 | Lair:1   | Entered Level 1 of the Lair of Beasts
 13937 | Lair:1   | You fall through a shaft!
 13950 | Lair:2   | Received a gift from Trog
 13965 | Lair:2   | Reached ****** piety under Trog
 14109 | Lair:2   | Reached skill level 14 in Fighting
 14680 | Lair:3   | Found a hole to the Spider Nest.
 14767 | Lair:3   | Found a staircase to the Swamp.
 15056 | Lair:3   | You fall through a shaft!
 15357 | Lair:4   | Reached XP level 14. HP: 133/133 MP: 13/13
 16318 | Lair:3   | Received a gift from Trog
 17398 | D:14     | Got a dull robe
 17409 | D:14     | Identified the cursed +0 robe "Narowur" {Regen+} (You found
                  | it on level 14 of the Dungeon)
 18412 | Spider:1 | Entered Level 1 of the Spider Nest
 18795 | Spider:1 | Found a roughly hewn altar of Beogh.
 19061 | Spider:2 | Noticed an entropy weaver
 19071 | Spider:2 | Killed an entropy weaver
 19239 | Spider:2 | Reached skill level 15 in Fighting
 19531 | Spider:2 | Noticed Arachne
 19542 | Spider:2 | Killed Arachne
 19608 | Spider:2 | Found a runed translucent gate.
 19610 | Spider:2 | Found a runed translucent gate.
 19611 | Spider:2 | Found a runed translucent gate.
 19612 | Spider:2 | Noticed an entropy weaver
 19615 | Spider:2 | Noticed an emperor scorpion
 19615 | Spider:2 | Noticed Ivernyr's ghost (adept VSFi)
 19902 | Spider:2 | Identified the +9 quarterstaff "Gaitt" {venom, +Inv +Fly
                  | rElec rN++}
 19908 | Spider:2 | Noticed an entropy weaver
 19916 | Spider:2 | Killed an entropy weaver
 20191 | Spider:2 | Noticed an emperor scorpion
 20207 | Spider:2 | Killed an emperor scorpion
 20229 | Spider:2 | Noticed an entropy weaver
 20244 | Spider:2 | Killed an entropy weaver
 20988 | Spider:3 | Reached XP level 15. HP: 121/143 MP: 14/14
 21282 | Spider:4 | Entered Level 4 of the Spider Nest
 21300 | Spider:3 | Killed a ghost moth
 21300 | Spider:3 | Reached skill level 16 in Fighting
 21435 | Spider:4 | Received a gift from Trog
 21610 | Spider:4 | Killed a ghost moth
 21734 | Spider:4 | HP: 4/145 [disintegration (44)]
 22502 | Spider:4 | Received a gift from Trog
 22864 | Spider:4 | Reached skill level 17 in Fighting
 22881 | Spider:4 | Killed a ghost moth
 23071 | Spider:4 | Killed a ghost moth
 23132 | Spider:4 | Killed a ghost moth
 23424 | Spider:4 | Got a gossamer rune of Zot
 24015 | Swamp:1  | Entered Level 1 of the Swamp
 24036 | Swamp:1  | Reached XP level 16. HP: 138/155 MP: 15/15
 25127 | Swamp:2  | Received a gift from Trog
 25191 | Swamp:2  | Noticed a thorn hunter
 25199 | Swamp:2  | Killed a thorn hunter
 25245 | Swamp:2  | Noticed Nikola
 25308 | Swamp:2  | Killed Nikola
 25956 | Swamp:3  | Noticed Aizul
 25968 | Swamp:3  | Killed Aizul
 25970 | Swamp:3  | Received a gift from Trog
 25970 | Swamp:3  | Reached skill level 15 in Polearms
 26133 | Swamp:3  | Noticed Kirke
 26200 | Swamp:3  | Killed Kirke
 26200 | Swamp:3  | Reached skill level 15 in Shields
 26237 | Swamp:3  | Noticed a thorn hunter
 26250 | Swamp:3  | Killed a thorn hunter
 26563 | Swamp:3  | Reached skill level 18 in Fighting
 27124 | Swamp:4  | Entered Level 4 of the Swamp
 27287 | Swamp:4  | Reached XP level 17. HP: 128/165 MP: 16/16
 27300 | Swamp:4  | Got a decaying rune of Zot
 28601 | Lair:5   | Found a viscous altar of Jiyva.
 28601 | Lair:5   | Found a staircase to the Slime Pits.
 28636 | Lair:5   | Received a gift from Trog
 28647 | Lair:5   | Got a slimy steel ring
 29063 | Lair:5   | Identified the ring "Kaelir" {*Drain +Blink rPois rF++
                  | Dex+2} (You found it on level 5 of the Lair of Beasts)
 29529 | Lair:6   | Entered Level 6 of the Lair of Beasts
 29623 | Lair:6   | Noticed Josephine
 29644 | Lair:6   | Killed Josephine
 30036 | Lair:6   | Found a runed translucent gate.
 30036 | Lair:6   | Found a runed translucent gate.
 30036 | Lair:6   | Found a runed translucent gate.
 30037 | Lair:6   | Noticed Kobolds4U's ghost (journeyman SpAs)
 30322 | Lair:6   | Found a large runed translucent door.
 30323 | Lair:6   | Found a large runed translucent door.
 30800 | Slime:1  | Entered Level 1 of the Pits of Slime
 30825 | Slime:1  | Reached skill level 15 in Armour
 30847 | Slime:1  | Noticed an acid blob
 30866 | Slime:1  | Killed an acid blob
 31157 | Slime:1  | Received a gift from Trog
 31158 | Slime:1  | Noticed an acid blob
 31554 | Slime:1  | Killed an acid blob
 31769 | Slime:1  | Noticed an acid blob
 31772 | Slime:1  | Noticed an acid blob
 32361 | Slime:1  | Killed an acid blob
 32361 | Slime:1  | Reached skill level 19 in Fighting
 32452 | Slime:1  | Killed an acid blob
 33161 | Lair:6   | Killed Kobolds4U's ghost
 33199 | Lair:6   | Got a heavily runed steel ring
 33202 | Lair:6   | Identified the ring "Zofraik" {rCorr rElec Str+6 Int+4}
                  | (You found it on level 6 of the Lair of Beasts)
 33326 | Slime:2  | Noticed an acid blob
 33347 | Slime:2  | Killed an acid blob
 33645 | Slime:2  | Noticed an acid blob
 33649 | Slime:2  | Killed an acid blob
 33666 | Slime:2  | Reached skill level 1 in Stealth
 33683 | Slime:2  | Gained mutation: You are clumsy. (Dex -2) [a shining eye]
 33686 | Slime:2  | Gained mutation: Your spells are a little easier to cast,
                  | but a little less powerful. [a shining eye]
 33911 | Slime:3  | Gained mutation: Your magical capacity is low. (-10% MP) [a
                  | shining eye]
 33912 | Slime:3  | Noticed an acid blob
 33912 | Slime:3  | Gained mutation: Potions are less effective at restoring
                  | your health. [a shining eye]
 33928 | Slime:3  | Killed an acid blob
 33928 | Slime:3  | Reached XP level 18. HP: 153/176 MP: 15/15
 33930 | Slime:3  | Received a gift from Trog
 34040 | Slime:3  | Paralysed by a great orb of eyes for 2 turns
 34151 | Slime:3  | Gained mutation: Your body sometimes deteriorates upon
                  | taking damage. [a shining eye]
 34158 | Slime:3  | Gained mutation: Potions are poor at restoring your health.
                  | [a shining eye]
 34193 | Slime:3  | Gained mutation: You passively map a small area around you.
                  | [a shining eye]
 34203 | Slime:3  | Gained mutation: You occasionally shout uncontrollably at
                  | your foes. [a shining eye]
 34208 | Slime:3  | Gained mutation: Armour fits poorly on your strangely
                  | shaped body. [a shining eye]
 34228 | Slime:3  | Lost mutation: You occasionally shout uncontrollably at
                  | your foes. [potion of mutation]
 34228 | Slime:3  | Lost mutation: Your body sometimes deteriorates upon taking
                  | damage. [potion of mutation]
 34228 | Slime:3  | Lost mutation: Your magical capacity is low. (-10% MP)
                  | [potion of mutation]
 34228 | Slime:3  | Lost mutation: You passively map a small area around you.
                  | [potion of mutation]
 34228 | Slime:3  | Gained mutation: Scrolls take you a little longer to read.
                  | [potion of mutation]
 34228 | Slime:3  | Gained mutation: You are partially covered in yellow
                  | scales. (AC +2) [potion of mutation]
 34339 | Slime:3  | Paralysed by a floating eye for 3 turns
 34519 | Slime:4  | Gained mutation: Your body sometimes deteriorates upon
                  | taking damage. [a shining eye]
 34943 | Slime:4  | Gained mutation: You are very clumsy. (Dex -4) [a shining
                  | eye]
 34992 | Slime:5  | Entered Level 5 of the Pits of Slime
 35087 | Slime:5  | Gained mutation: Scrolls take you longer to read. [a
                  | shining eye]
 35090 | Slime:5  | Gained mutation: Your spells are easier to cast, but less
                  | powerful. [a shining eye]
 35092 | Slime:5  | Gained mutation: Your body often deteriorates upon taking
                  | damage. [a shining eye]
 35112 | Slime:5  | Reached skill level 20 in Fighting
 35183 | Slime:5  | Noticed the Royal Jelly
 35643 | Slime:5  | Gained mutation: Scrolls take you much longer to read. [a
                  | shining eye]
 35646 | Slime:5  | Gained mutation: You are weak. (Str -2) [a shining eye]
 35648 | Slime:5  | Found a viscous altar of Jiyva.
 35651 | Slime:5  | Paralysed by a floating eye for 4 turns
 35664 | Slime:5  | Received a gift from Trog
 35674 | Slime:5  | HP: 6/265 [the Royal Jelly (22)]
 35674 | Slime:5  | Slain by the Royal Jelly

Skill      XL: |  1  2  3  4  5  6  7  8  9 10 11 12 13 14 15 16 17 18 |
---------------+-------------------------------------------------------+-----
Fighting       | 4 5 6 7 9 10 11 13 14 15 17 18 19 20 | 20.2
Axes           | 4 5 6 7 8 9 |  9.9
Shields        | 1 2 3 5 6 7 9 10 11 12 14 15 17 18 | 18.2
Armour         | 3 4 5 6 8 9 10 11 12 13 14 15 | 15.8
Dodging        | 3 4 6 7 8 9 10 11 12 13 14 | 14.8
Polearms       | 1 4 8 11 12 14 15 16 | 16.5
Stealth        | 1 |  1.1

Action                   |  1- 3 |  4- 6 |  7- 9 | 10-12 | 13-15 | 16-18 || total
-------------------------+-------+-------+-------+-------+-------+-------++-------
Melee: Hand axe          |    57 |   142 |     8 |       |       |       ||   207
       Headbutt          |     7 |    20 |    18 |    62 |   173 |   296 ||   576
       Trident           |       |       |   141 |   404 |   938 |  1133 ||  2616
       War axe           |       |       |       |       |     9 |       ||     9
       Unarmed           |       |       |       |       |       |     1 ||     1
Invok: Berserk           |     1 |     1 |     1 |     8 |     7 |    11 ||    29
       Trog's Hand       |       |       |     1 |       |     1 |     3 ||     5
       Brothers in Arms  |       |       |       |     1 |    13 |    10 ||    24
  Use: Scroll            |       |       |     5 |     7 |    20 |    10 ||    42
       Potion            |       |       |       |     1 |     3 |     7 ||    11
 Stab: Sleeping          |     1 |       |       |       |       |       ||     1
       Distracted        |       |       |       |       |     4 |       ||     4
       Confused          |       |       |       |       |       |     1 ||     1
  Eat: Chunk             |     1 |     6 |    13 |    17 |    28 |    11 ||    76
       Ration            |       |       |       |     2 |     8 |    12 ||    22
Armor: Animal skin       |     8 |       |       |       |       |       ||     8
       Plate armour      |    11 |    94 |    56 |   151 |    68 |       ||   380
       Ice dragon scales |       |       |       |       |   267 |   265 ||   532
       Acid dragon scale |       |       |       |       |       |    22 ||    22
Dodge: Dodged            |    27 |    49 |    35 |   117 |   465 |   399 ||  1092
Block: Buckler           |     6 |    24 |    24 |    84 |   158 |       ||   296
       Shield            |       |       |       |       |   135 |   431 ||   566
